 Dungeon Crawl Stone Soup version 0.27-a0-1188-g73eefd5def (webtiles) character file.

Game seed: 10383178234136655447

1083 Delamore the Basher (level 8, -1/49 HPs)
             Began as a Gargoyle Fighter on May 21, 2021.
             Slain by an adder (5 damage)
             ... on level 4 of the Dungeon.
             The game lasted 00:04:29 (5176 turns).

Delamore the Basher (Gargoyle Fighter)              Turns: 5176, Time: 00:04:30

Health: -1/49      AC:  0    Str: 23    XL:     8   Next: 30%
Magic:  17/17      EV:  7    Int:  8    God:
Gold:   274        SH: 10    Dex:  9    Spells: 7/7 levels left

rFire    . . .     SeeInvis .   p - +2 whip (drain)
rCold    . . .     Faith    .   c - +0 kite shield
rNeg     + + .     Spirit   .   b - +0 scale mail
rPois    ∞         Reflect  .   (no helmet)
rElec    +         Harm     .   (no cloak)
rCorr    .         Rampage  .   (no gloves)
Will     .....                  (no boots)
Stlth    ..........             (no amulet)
HPRegen  0.16/turn              r - ring of magical power
MPRegen  0.15/turn              t - ring of positive energy

@: corroded
A: sickness immunity, AC +5, negative energy resistance 1, electricity
resistance, torment resistance 1, petrification resistance
a: no special abilities


You were on level 4 of the Dungeon.
You visited 1 branch of the dungeon, and saw 5 of its levels.

You collected 274 gold pieces.

Inventory:

Hand Weapons
 a - a +0 flail
 p - a +2 whip of draining (weapon)
Missiles
 e - 6 curare-tipped darts (quivered)
 w - 4 poisoned darts
Armour
 b - a +0 scale mail (worn)
 c - a +0 kite shield (worn)
Jewellery
 n - a ring of fire
 r - a ring of magical power (left hand)
 t - a ring of positive energy (right hand)
Wands
 k - a wand of polymorph (10)
Scrolls
 g - a scroll of teleportation
 i - a scroll of brand weapon
 l - a scroll of amnesia
 o - a scroll of fear {unknown}
 u - a scroll of summoning {unknown}
 x - a scroll of noise
 y - a scroll of silence {unknown}
Potions
 d - a potion of might
 f - 2 potions of curing {unknown}
 h - 2 potions of cancellation {unknown}
 j - a potion of berserk rage {unknown}
 m - a potion of magic {unknown}
 q - a potion of heal wounds {unknown}
 s - a potion of resistance {unknown}
 v - a potion of brilliance {unknown}


   Skills:
 - Level 5.0 Fighting
 + Level 8.4 Maces & Flails
 - Level 3.2 Armour
 - Level 5.0 Shields


You had 7 spell levels left.
You didn't know any spells.
Your spell library was empty.

Dungeon Overview and Level Annotations

Branches:
Dungeon (5/15)
 Temple: D:4-7

Altars:

Annotations:
D:5 Blork the orc


Innate Abilities, Weirdness & Mutations

You are immune to sickness and miasma.
Your stone body is resilient. (AC +5)
You are immune to poison.
You resist negative energy. (rN+)
You are resistant to electric shocks. (rElec)
You are resistant to unholy torment.
You are immune to petrification.


Message History

You block Blork the orc's attack.
You barely miss the adder. You block the adder's attack.
Blork the orc closely misses you. The adder bites you.
You hit the jelly. You drain the jelly. The acid corrodes you!
Your hands burn!
The jelly is moderately wounded.
Blork the orc hits you from afar with a +0 halberd!
The adder bites you but does no damage.
Blork the orc hits you from afar with a +0 halberd!
The jelly hits you but does no damage.
You are too injured to fight recklessly!
You block the jelly's attack.
There is a stone staircase leading up here.
The adder bites you. The jelly hits you but does no damage.
You block Blork the orc's attack.
You climb upwards.
There is a stone staircase leading down here.
You hit the jelly. The acid corrodes you!
Your hands burn!
* * * LOW HITPOINT WARNING * * *
The jelly is heavily wounded.
You block the adder's attack. The adder bites you but does no damage.
You block the jelly's attack.
You hit the jelly but do no damage. You drain the jelly. The acid corrodes you!
Your hands burn!
* * * LOW HITPOINT WARNING * * *
The jelly is severely wounded.
You hit the jelly. You drain the jelly. The acid corrodes you!
Your hands burn!
* * * LOW HITPOINT WARNING * * *
The jelly is almost dead.
You block the jelly's attack.
You hit the jelly.
You kill the jelly!
The adder bites you.
* * * LOW HITPOINT WARNING * * *
You barely miss the adder. The adder bites you.
* * * LOW HITPOINT WARNING * * *
You hit the adder.
The adder is moderately wounded.
The adder bites you.
You die...

#.########.#))....##.#.#
#....
#.#........#.###..##.#.#
#.... #.#.########.#
#..##.#.# #.### ..#.#
#......# #..##.#.######.#
#.#.#
#.########..##.#........#
#.#.###.#
#....#..##.############
#.#...#.#
#.##.#.>...............
#.###.#.#
#.##.#S#.############## #.#
#.#.# #.##.#@#.# #.# #.#)#
#†#.[..#.# #.# #.#.#
#.######.#
#.###.#.###.#......#
#.....#.....#.###############
#######..####.# #...........#
....[....# #.# #......####.#
.#######.####.# #......# #.#
.# #...)..# #......# #.#


You could see an adder.

Vanquished Creatures
  Grinder (D:3)
  An ogre (D:4)
  A necrophage (D:5)
  3 scorpions
  A hound (D:4)
  A bullfrog zombie (D:3)
  A jelly (D:4)
  3 orc priests
  An iguana (D:4)
  3 orc wizards
  9 gnolls
  4 adders
  2 worms (D:2)
  3 dart slugs
  15 orcs
  5 ball pythons
  10 bats
  11 endoplasms
  5 giant cockroaches
  8 goblins
  10 hobgoblins
  4 jackals (D:2)
  5 quokkas
  4 frilled lizards
  7 kobolds
  3 rats
121 creatures vanquished.

Notes
Turn   | Place    | Note
-------+----------+-------------------------------------------
     0 | D:1      | Delamore the Gargoyle Fighter began the quest for the Orb.
     0 | D:1      | Reached XP level 1. HP: 14/14 MP: 1/1
   131 | D:1      | Reached XP level 2. HP: 18/19 MP: 2/2
   848 | D:2      | Reached XP level 3. HP: 24/24 MP: 3/3
  1310 | D:2      | Reached XP level 4. HP: 29/29 MP: 4/4
  1548 | D:2      | Reached skill level 3 in Maces & Flails
  2005 | D:2      | Reached XP level 5. HP: 24/34 MP: 5/5
  2571 | D:3      | Reached skill level 5 in Fighting
  2571 | D:3      | Reached skill level 5 in Shields
  2571 | D:3      | Reached XP level 6. HP: 36/40 MP: 6/6
  2762 | D:3      | Noticed Grinder
  2772 | D:3      | Paralysed by Grinder for 6 turns
  2780 | D:3      | Paralysed by Grinder for 6 turns
  2981 | D:3      | Paralysed by Grinder for 2 turns
  3004 | D:3      | Paralysed by Grinder for 2 turns
  3006 | D:3      | Killed Grinder
  3007 | D:3      | Reached skill level 5 in Maces & Flails
  3007 | D:3      | Reached XP level 7. HP: 29/44 MP: 7/7
  3433 | D:3      | Reached skill level 6 in Maces & Flails
  4294 | D:4      | Reached skill level 7 in Maces & Flails
  4664 | D:4      | Reached XP level 8. HP: 44/49 MP: 8/8
  5082 | D:5      | Entered Level 5 of the Dungeon
  5093 | D:5      | Reached skill level 8 in Maces & Flails
  5148 | D:5      | Noticed Blork the orc
  5176 | D:4      | Slain by an adder

Illustrated notes

Levels and vault maps discovered:
D:1:      dpeg_arrival_circle_labyrinth_a, layout_basic
D:2:      layout_loops_cross, fountainhead, st_stairs_2,
          minmay_randomly_rotated_circles
D:3:      layout_rooms, minmay_mini_jars, uniq_grinder
D:4:      layout_basic, chequers_serial_rivers_micro_a, minmay_stone_trees_small
D:5:      layout_rooms, minmay_temple_entry_nine_rooms, grunt_decor_fettered,
          uniq_blork_the_orc

Skill      XL: |  1  2  3  4  5  6  7  8 |
---------------+-------------------------+-----
Shields        | 4 5 |  5.0
Fighting       | 4 5 |  5.0
Maces & Flails | 3 5 7 8 |  8.4
Armour         | |  3.2

Action                   |  1- 3 |  4- 6 |  7- 9 || total
-------------------------+-------+-------+-------++-------
Melee: Flail             |   114 |    12 |       ||   126
       Whip              |       |   159 |   177 ||   336
  Use: Scroll            |       |     3 |     1 ||     4
Armor: Scale mail        |    77 |    70 |    68 ||   215
Dodge: Dodged            |    55 |    38 |    41 ||   134
Block: Kite shield       |    69 |    92 |    92 ||   253

Table legend: (Time is in decaauts)
 A = Elapsed time spent in this place.
 B = Non-inter-level travel time spent in this place.
 C = Inter-level travel time spent in this place.
 D = Time resting spent in this place.
 E = Time spent auto-exploring this place.
 F = Levels seen in this place.
 G = Mean time per level.
                   A        B        C        D        E       F      G
               +--------+--------+--------+--------+--------+-----+--------+
         Total |   5261 |   5185 |     76 |   1131 |   3112 |   5 | 1052.2 |
       Dungeon |   5261 |   5185 |     76 |   1131 |   3112 |   5 | 1052.2 |
               +--------+--------+--------+--------+--------+-----+--------+

Top non-repeatable levels by time:
     D:2: 1753 daAuts
     D:4: 1346 daAuts
     D:3: 1044 daAuts
     D:1: 1034 daAuts
     D:5: 84 daAuts
